 Dungeon Crawl Stone Soup version 0.27-a0-860-gaf99fae3ca (webtiles) character file.

Game seed: 8245162022951747446

74 spiderkeys the Shield-Bearer (level 4, -1/37 HPs)
             Began as a Formicid Fighter on Apr 2, 2021.
             Slain by a black bear (6 damage)
             ... on level 3 of the Dungeon.
             The game lasted 00:02:37 (2114 turns).

spiderkeys the Shield-Bearer (Formicid Fighter)     Turns: 2114, Time: 00:02:37

Health: -1/37      AC: 11    Str: 21    XL:     4   Next: 54%
Magic:  4/4        EV:  6    Int:  8    God:
Gold:   66         SH:  9    Dex: 10    Spells: 3/3 levels left

rFire    . . .     SeeInvis +   a - +0 war axe
rCold    . . .     Faith    .   c - +0 kite shield
rNeg     . . .     Spirit   .   p - +0 chain mail
rPois    .         Reflect  .   (helmet unavailable)
rElec    .         Harm     .   n - +0 cloak
rCorr    .         Rampage  .   (no gloves)
Will     .....                  k - +0 pair of boots
Stlth    ..........             l - amulet of regeneration
HPRegen  1.12/turn              (no ring)
MPRegen  0.09/turn              (no ring)

@: no status effects
A: permanent stasis, dig shafts and tunnels, antennae 3, four strong arms
a: Dig, Shaft Self


You were on level 3 of the Dungeon.
You visited 1 branch of the dungeon, and saw 3 of its levels.

You collected 66 gold pieces.

Inventory:

Hand Weapons
 a - a +0 war axe (weapon)
Armour
 c - a +0 kite shield (worn)
 k - a +0 pair of boots (worn)
 n - a +0 cloak (worn)
 p - a +0 chain mail (worn)
Jewellery
 b - a ring of flight
 l - an amulet of regeneration (around neck)
 r - an amulet of the acrobat
Scrolls
 e - 3 scrolls of noise {unknown}
 f - 2 scrolls of magic mapping {unknown}
 h - 2 scrolls of identify {unknown}
 j - a scroll of vulnerability {unknown}
 m - a scroll of immolation {unknown}
Potions
 d - 2 potions of might
 g - a potion of lignification {unknown}
 i - a potion of attraction {unknown}
 o - a potion of heal wounds {unknown}
 q - a potion of curing {unknown}


   Skills:
 + Level 3.8 Fighting
 * Level 3.1 Axes
 + Level 3.8 Armour
 + Level 4.2 Shields


You had 3 spell levels left.
You didn't know any spells.
Your spell library was empty.

Dungeon Overview and Level Annotations

Branches:
Dungeon (3/15)

Altars:
Vehumet


Innate Abilities, Weirdness & Mutations

You cannot be hasted, slowed, berserked, paralysed or teleported.
You can dig through walls and to a lower floor.
You have a pair of large antennae on your head. (SInv)
Your four strong arms can wield two-handed weapons with a shield.


Message History

You are too injured to fight recklessly!
You are too injured to fight recklessly!
You are too injured to fight recklessly!
You hit the black bear but do no damage.
The black bear is severely wounded.
You block the black bear's attack. The black bear barely misses you.
The black bear claws you.
The black bear bites you but does no damage.
You block the black bear's attack. The black bear claws you.
* * * LOW HITPOINT WARNING * * *
You block the black bear's attack. The black bear barely misses you. x2
The bat hits you but does no damage. You block the bat's attack.
The bat hits you but does no damage. The bat closely misses you.
Your chain mail prevents you from hitting the bat.
The bat barely misses you. The bat hits you but does no damage.
You closely miss the bat. You block the bat's attack.
The black bear bites you but does no damage.
You block the black bear's attack.
The black bear claws you but does no damage.
The bat hits you but does no damage.
You slash the black bear!
The black bear is almost dead.
You hit the bat.
You kill the bat!
The black bear bites you.
The black bear claws you but does no damage. x2
You block the black bear's attack. The black bear barely misses you.
The black bear claws you.
You barely miss the black bear.
The black bear is almost dead.
The black bear bites you.
* * * LOW HITPOINT WARNING * * *
The black bear barely misses you. The black bear claws you.
* * * LOW HITPOINT WARNING * * *
The black bear bites you.
* * * LOW HITPOINT WARNING * * *
The black bear claws you but does no damage. x2
The black bear bites you.
You die...

#.# #<# #.. #.# ###
#.. ... ###
#.####..#
#.......### #.#
..#### #####
####.### #.#.. #....
#......#####.#.#####
#....
#.........h@.#.....#
#....
#......###.........#
#.... ########
#....#<##.# #....
#.#.......#.###....
#.##.##.#.#......#.
#.##....# #####..#.
#.#####.# #..#.
#.......#.#####..#.
#######.#........##


You could see a black bear (berserk).

Vanquished Creatures
  2 adders
  An ufetubus (D:3)
  A dart slug (D:2)
  3 orcs (D:2)
  2 ball pythons (D:1)
  4 bats
  2 endoplasms
  3 giant cockroaches
  6 goblins
  4 hobgoblins
  3 quokkas
  5 frilled lizards
  5 kobolds
  5 rats
46 creatures vanquished.

Notes
Turn   | Place    | Note
-------+----------+-------------------------------------------
     0 | D:1      | spiderkeys the Formicid Fighter began the quest for the
                  | Orb.
     0 | D:1      | Reached XP level 1. HP: 18/18 MP: 1/1
    15 | D:1      | Reached XP level 2. HP: 12/24 MP: 2/2
   572 | D:1      | Reached XP level 3. HP: 28/29 MP: 3/3
   638 | D:1      | Found a faded altar of an unknown god.
  1115 | D:2      | Reached skill level 4 in Shields
  1452 | D:2      | Reached XP level 4. HP: 34/37 MP: 4/4
  1771 | D:2      | Found a radiant altar of Vehumet.
  2081 | D:3      | Noticed a black bear
  2114 | D:3      | Slain by a black bear

Illustrated notes

Levels and vault maps discovered:
D:1:      onia_arrival_handbag, layout_loops_cross, basic_ecumenical_altar,
          hangedman_feature_mirror, minmay_small_reverse_x
D:2:      layout_basic, basic_altar, fountainhead, minmay_crystal_water,
          guppyfry_early_orc_mine
D:3:      layout_basic

Skill      XL: |  1  2  3  4 |
---------------+-------------+-----
Shields        | 4 |  4.2
Axes           | 3 |  3.1
Fighting       | |  3.8
Armour         | |  3.8

Action                   |  1- 3 |  4- 6 || total
-------------------------+-------+-------++-------
Melee: War axe           |    99 |    46 ||   145
 Abil: Dig               |       |     1 ||     1
Armor: Scale mail        |    47 |     8 ||    55
       Chain mail        |       |    44 ||    44
Dodge: Dodged            |    33 |    24 ||    57
Block: Kite shield       |    56 |    34 ||    90

Table legend: (Time is in decaauts)
 A = Elapsed time spent in this place.
 B = Non-inter-level travel time spent in this place.
 C = Inter-level travel time spent in this place.
 D = Time resting spent in this place.
 E = Time spent auto-exploring this place.
 F = Levels seen in this place.
 G = Mean time per level.
                   A        B        C        D        E       F      G
               +--------+--------+--------+--------+--------+-----+--------+
         Total |   2193 |   2027 |    166 |      0 |   1576 |   3 |  731.0 |
       Dungeon |   2193 |   2027 |    166 |      0 |   1576 |   3 |  731.0 |
               +--------+--------+--------+--------+--------+-----+--------+

Top non-repeatable levels by time:
     D:1: 1052 daAuts
     D:2: 915 daAuts
     D:3: 226 daAuts
